 Dungeon Crawl Stone Soup version 0.27-a0-1416-g941b2bd30b (webtiles) character file.

Game seed: 13407150221312646768

72 Tocho the Ruffian (level 4, -3/35 HPs)
             Began as a Draconian Transmuter on July 1, 2021.
             Slain by Crazy Yiuf (9 damage)
             ... on level 2 of the Dungeon.
             The game lasted 00:03:15 (2462 turns).

Tocho the Ruffian (Draconian Transmuter)            Turns: 2462, Time: 00:03:16

Health: -3/35      AC:  5    Str: 14    XL:     4   Next: 7%
Magic:  4/7        EV: 12    Int: 13    God:
Gold:   63         SH:  0    Dex: 11    Spells: 2/8 levels left

rFire    . . .     SeeInvis .     - Unarmed
rCold    . . .     Faith    .   (no shield)
rNeg     . . .     Spirit   .   (armour unavailable)
rPois    .         Reflect  .   (helmet currently unavailable)
rElec    .         Harm     .   (no cloak)
rCorr    .         Rampage  .   (no gloves)
Will     .....                  (boots currently unavailable)
Stlth    +.........             (no amulet)
HPRegen  0.11/turn              (no ring)
MPRegen  0.10/turn              (no ring)

@: appendages (expiring), wereblooded, slowed, very slow
A: horns 2, talons 2, AC +5, unfitting armour, cold-blooded
a: End Transformation


You were on level 2 of the Dungeon.
You had temporarily grown beastly horns and talons.
You visited 1 branch of the dungeon, and saw 2 of its levels.

You collected 63 gold pieces.

Inventory:

Missiles
 d - 2 silver javelins
Scrolls
 c - a scroll of noise {unknown}
Potions
 a - a potion of mutation {unknown}
 b - 2 potions of attraction {unknown}
 e - a potion of haste {unknown}


   Skills:
 + Level 1.4 Fighting
 + Level 0.1 Throwing
 + Level 2.3 Dodging
 + Level 0.4 Stealth
 + Level 3.6 Unarmed Combat
 + Level 2.5 Spellcasting
 + Level 2.6 Transmutations


You had 2 spell levels left.
You knew the following spells:

 Your Spells              Type           Power      Damage    Failure   Level
a - Beastly Appendage     Tmut           16%        N/A       9%          1
b - Wereblood             Tmut           8%         N/A       13%         2
c - Magic Dart            Conj           4%         1d3       24%         1
d - Searing Ray           Conj           2%         3d3       34%         2

Your spell library contained the following spells:

 Spells                   Type           Power      Damage    Failure   Level
 Sublimation of Blood     Necr           0%         N/A       36%         2
 Spider Form              Tmut/Pois      2%         N/A       38%         3
 Ice Form                 Ice/Tmut       5%         N/A       80%         4
 Fulminant Prism          Conj/Hex       0%         3d6       94%         4
 Summon Hydra             Summ           0%         N/A       100%        7


Dungeon Overview and Level Annotations

Branches:
Dungeon (2/15)

Altars:
Zin

Annotations:
D:2 Crazy Yiuf


Innate Abilities, Weirdness & Mutations

You have temporarily grown beastly horns and talons.
Your plain brown scales are hard. (AC +5)
You cannot fit into any form of body armour.
You are cold-blooded and may be slowed by cold attacks.


Message History

Press: ? - help, Q - select action, (/) - cycle Shift-Dir - straight line, f - you That beam is likely to hit you.
Continue anyway? [Y]es or [N]o only, please.
That beam is likely to hit you.
Continue anyway?
Okay, then.
Aiming: Magic Dart (safe; 24% risk of failure)
Press: ? - help, Q - select action, (/) - cycle Shift-Dir - straight line, f - you
Okay, then.
You open the door. As you open the door, it creaks loudly!
There is an open door here.
Casting: Magic Dart (safe; 24% risk of failure)
Confirm with . or Enter, or press ? or * to list all spells.
You grow a pair of large bovine horns.
Your feet morph into talons.
Crazy Yiuf shouts!
Casting: Beastly Appendage (safe; 9% risk of failure)
Confirm with . or Enter, or press ? or * to list all spells.
Your blood is infused with primal strength.
You open the door. You hit Crazy Yiuf.
Your tail-slap misses Crazy Yiuf.
Crazy Yiuf is lightly wounded.
Crazy Yiuf closely misses you.
You hit Crazy Yiuf. You claw Crazy Yiuf.
Crazy Yiuf is moderately wounded.
You hit Crazy Yiuf. You claw Crazy Yiuf.
You tail-slap Crazy Yiuf, but do no damage.
Crazy Yiuf is heavily wounded.
Crazy Yiuf hits you with a +4 quarterstaff of chaos!
Crazy Yiuf burns you.
You hit Crazy Yiuf but do no damage. Your kick misses Crazy Yiuf.
Crazy Yiuf is heavily wounded.
Your transformation is almost over.
Crazy Yiuf hits you with a +4 quarterstaff of chaos!
* * * LOW HITPOINT WARNING * * *
You feel yourself slow down. Crazy Yiuf freezes you.
* * * LOW HITPOINT WARNING * * *
You hit Crazy Yiuf but do no damage.
Crazy Yiuf is heavily wounded.
Crazy Yiuf hits you with a +4 quarterstaff of chaos!
You die...

#.# #.# #.# #.# ##'###
####....# ..##....# ###
♣♣#### ..##....#
#)..#♣♣ ♣♣....##
..##....#
#...g@♣♣♣♣......#
..##....#
#...#♣..♣.......#
.....>..# ###
♣♣♣.♣......# ......####
♣♣♣♣♣##.## ..###....#
#.# ### #....########
#.# #
#...........#########.#
#
#.....................#
##
#...........###########


You could see Crazy Yiuf.

Vanquished Creatures
  Terence (D:2)
  An adder (D:2)
  5 bats
  2 endoplasms (D:2)
  5 giant cockroaches (D:1)
  5 hobgoblins
  2 jackals (D:1)
  3 kobolds (D:1)
  A quokka (D:1)
  3 ball pythons
  A frilled lizard (D:1)
  2 goblins
  3 rats
34 creatures vanquished.

Notes
Turn   | Place    | Note
-------+----------+-------------------------------------------
     0 | D:1      | Tocho the Draconian Transmuter began the quest for the Orb.
     0 | D:1      | Reached XP level 1. HP: 16/16 MP: 3/3
   235 | D:1      | Reached XP level 2. HP: 21/23 MP: 3/5
   238 | D:1      | Learned a level 2 spell: Wereblood
  1026 | D:1      | Reached XP level 3. HP: 28/28 MP: 6/6
  1371 | D:2      | Noticed Terence
  1379 | D:2      | Killed Terence
  1400 | D:2      | Learned a level 1 spell: Magic Dart
  1403 | D:2      | Learned a level 2 spell: Searing Ray
  1645 | D:2      | Found a glowing silver altar of Zin.
  2116 | D:2      | Reached XP level 4. HP: 32/35 MP: 3/7
  2213 | D:2      | Found a runed translucent door.
  2214 | D:2      | Noticed Crazy Yiuf
  2462 | D:2      | Slain by Crazy Yiuf

Illustrated notes

Levels and vault maps discovered:
D:1:      dpeg_arrival_arbitrary_c, layout_loops_ring, minivault_24
D:2:      layout_basic, basic_altar, uniq_terence, uniq_crazy_yiuf_cottage

Skill      XL: |  1  2 |
---------------+-------+-----
Dodging        | 2 |  2.3
Fighting       | |  1.4
Throwing       | |  0.1
Stealth        | |  0.4
Unarmed Combat | |  3.6
Spellcasting   | |  2.5
Transmutations | |  2.6

Action                   |  1- 3 |  4- 6 || total
-------------------------+-------+-------++-------
Melee: Unarmed           |    92 |     5 ||    97
       Kick              |     8 |     2 ||    10
       Tailslap          |     8 |     1 ||     9
       Headbutt          |     3 |       ||     3
Throw: Javelin           |     5 |       ||     5
 Cast: Beastly Appendage |     7 |     1 ||     8
       Wereblood         |     4 |     1 ||     5
       Magic Dart        |    15 |     3 ||    18
Armor: Skin              |    30 |       ||    30
Dodge: Dodged            |    54 |     1 ||    55

Table legend: (Time is in decaauts)
 A = Elapsed time spent in this place.
 B = Non-inter-level travel time spent in this place.
 C = Inter-level travel time spent in this place.
 D = Time resting spent in this place.
 E = Time spent auto-exploring this place.
 F = Levels seen in this place.
 G = Mean time per level.
                   A        B        C        D        E       F      G
               +--------+--------+--------+--------+--------+-----+--------+
         Total |   2461 |   2431 |     30 |      0 |   2149 |   2 | 1230.5 |
       Dungeon |   2461 |   2431 |     30 |      0 |   2149 |   2 | 1230.5 |
               +--------+--------+--------+--------+--------+-----+--------+

Top non-repeatable levels by time:
     D:2: 1247 daAuts
     D:1: 1213 daAuts
